[Event "UKR-ch Semifinal 2018"]
[Site "Omelnyk"]
[Date "2018.10.30"]
[Round "5.6"]
[White "Kutsanyan, Andranik"]
[Black "Bakhmatsky, Vladislav"]
[Result "1/2-1/2"]
[WhiteElo "2252"]
[BlackElo "2409"]
[PlyCount "60"]
[EventDate "2018.11.26"]
[EventType "tourn"]
[EventCountry "UKR"]
[TimeControl "40/5400+30:1800+30"]
[WhiteClock "0:01:45"]
[BlackClock "0:07:22"]

1. e4 c5 2. b3 g6 3. Bb2 Nf6 4. e5 Nd5 5. Nc3 Nxc3 6. Bxc3 Bg7 7. Bc4 Nc6 8. e6 f6 9. exd7+ Bxd7 10. Qf3 e5 11. O-O-O Qe7 12. Ne2 O-O-O 13. Rhe1 Rhe8 14. Kb1 Qf8 15. Qg3 g5 16. f3 h6 17. h4 Nd4 18. hxg5 hxg5 19. Nxd4 cxd4 20. Bb2 Qd6 21. Bd3 Kb8 22. c3 dxc3 23. dxc3 Qc7 24. c4 Bc8 25. Bg6 Re6 26. Qf2 Bf8 27. Qc2 Red6 28. Be4 Be6 29. g4 Qa5 30. Bc3 Qc7 1/2-1/2

[Event "UKR-ch Semifinal 2018"]
[Site "Omelnyk"]
[Date "2018.10.30"]
[Round "5.7"]
[White "Borsuk, Konstantin"]
[Black "Lisnyak, Vladislav"]
[Result "1-0"]
[WhiteElo "2354"]
[BlackElo "2263"]
[PlyCount "205"]
[EventDate "2018.11.26"]
[EventType "tourn"]
[EventCountry "UKR"]
[TimeControl "40/5400+30:1800+30"]
[WhiteClock "0:03:17"]
[BlackClock "0:01:38"]

1. d4 Nf6 2. c4 e6 3. Nc3 Bb4 4. e3 O-O 5. Nge2 d5 6. a3 Bd6 7. cxd5 Nxd5 8. g3 Nd7 9. Bg2 N7b6 10. O-O Nxc3 11. Nxc3 e5 12. Nb5 exd4 13. Qxd4 Be7 14. Qxd8 Bxd8 15. Bd2 c6 16. Nd6 Bf6 17. Bc3 Bxc3 18. bxc3 Rd8 19. Rfd1 Kf8 20. Rd4 Ke7 21. Ne4 Nd5 22. c4 Nf6 23. Nc5 Rb8 24. Rad1 Be6 25. Rxd8 Rxd8 26. Rb1 Bxc4 27. Nxb7 Rc8 28. Na5 Bb5 29. e4 Nd7 30. f4 a6 31. Kf2 Nb6 32. Rc1 f6 33. Bh3 Rc7 34. e5 fxe5 35. fxe5 c5 36. Nb3 Bc4 37. Nd2 Bd5 38. Ke3 Rc6 39. Bf5 g6 40. Bg4 h5 41. Bf3 Ke6 42. Kf4 Rc8 43. Bxd5+ Nxd5+ 44. Ke4 Nb6 45. Nf3 c4 46. Nd4+ Ke7 47. h4 Rc5 48. Nf3 Rb5 49. Ng5 Nd7 50. Rxc4 Rxe5+ 51. Kd4 Ra5 52. Rc3 Ra4+ 53. Kd5 Nb6+ 54. Kc5 Nd7+ 55. Kc6 Ne5+ 56. Kd5 Ra5+ 57. Ke4 Nd7 58. Kd4 Ra4+ 59. Kd5 Nb6+ 60. Kc5 Nd7+ 61. Kc6 Ne5+ 62. Kd5 Nd7 63. Re3+ Kf6 64. Rf3+ Ke7 65. Rf7+ Ke8 66. Rf3 Ke7 67. Re3+ Kf6 68. Ne4+ Kg7 69. Nd6 Ra5+ 70. Ke6 Nf6 71. Rb3 Ng4 72. Rb7+ Kg8 73. Rb8+ Kg7 74. Rb7+ Kg8 75. Rb8+ Kg7 76. Ne8+ Kh6 77. Kf7 Kh7 78. Rb7 Rf5+ 79. Ke6+ Kh6 80. Nd6 Rf6+ 81. Kd5 Ne3+ 82. Kc5 Nf5 83. Ne4 Re6 84. Ng5 Re7 85. Rxe7 Nxe7 86. Kb6 Kg7 87. Kxa6 Kf6 88. Kb7 Nd5 89. a4 Kf5 90. a5 Nb4 91. Nh3 Kg4 92. Nf4 Kxg3 93. Nxg6 Kg4 94. Kb6 Nd5+ 95. Kc6 Nb4+ 96. Kb5 Nd5 97. Kc5 Nc7 98. Kc6 Na6 99. Kb6 Nb4 100. Ne7 Kxh4 101. Kb5 Nc2 102. a6 Nd4+ 103. Kb6 1-0